 Dungeon Crawl Stone Soup version 0.31-a0-986-g5e6e4ef867 (webtiles) character file.

Game seed: 16992808376056812599

650 whatisthis the Ruffian (level 7, -4/61 HPs)
             Began as a White Draconian Shapeshifter on Nov 22, 2023.
             Slain by an orc priest
             ... wielding a +0 trident
              (6 damage)
             ... on level 5 of the Dungeon.
             The game lasted 00:09:30 (3184 turns).

whatisthis the Ruffian (DrSh)                       Turns: 3184, Time: 00:09:31

Health: -4/61      AC:  6    Str: 24    XL:     7   Next: 28%
Magic:  7/7        EV: 12    Int: 10    God:
Gold:   222        SH:  0    Dex: 11    Spells: 6/6 levels left

rFire   + .          .
                       - Unarmed
rCold   + . .        (no shield)
rNeg    . . .        (body armour unavailable)
rPois   .            (helmet currently unavailable)
rElec   .            (cloak currently unavailable)
rCorr   .            (gloves currently unavailable)
SInv    .            (boots currently unavailable)
Will    +....        (no amulet)
Stlth   +            d - ring of protection from fire
HPRegen 0.30/turn    k - +6 ring of strength
MPRegen 0.10/turn

%: no passive effects
@: lethally poisoned (-4 -> -7), short of breath, beast-form, attractive,
enlightened, flying
A: beast (slay +2), breathe frost, AC +6, unfitting armour, cold resistance 1,
cold-blooded
a: Breathe Frost, Begin Untransformation


You were on level 5 of the Dungeon.
You were a hulking beast.
You visited 1 branch of the dungeon, and saw 5 of its levels.

You collected 222 gold pieces.

Inventory:

Hand Weapons
 e - a +4 dagger
Missiles
 f - 5 javelins
 i - 19 stones
 n - 3 boomerangs
 u - 4 darts of dispersal
Jewellery
 d - a ring of protection from fire (left hand)
 k - a +6 ring of strength (right hand)
 p - an amulet of magic regeneration
 v - an amulet of guardian spirit
Talismans
 b - a beast talisman (active)
 c - a flux talisman
Wands
 g - a wand of flame (38)
Scrolls
 h - 4 scrolls of teleportation {unknown}
 j - a scroll of immolation {unknown}
 l - 7 scrolls of identify {unknown}
 m - a scroll of enchant weapon {unknown}
 s - a scroll of acquirement {unknown}
Potions
 a - 2 potions of lignification
 q - a potion of invisibility {unknown}
 r - a potion of curing {unknown}
 t - a potion of attraction


   Skills:
 + Level 5.0 Fighting
 - Level 1.7 Dodging
 + Level 5.4 Unarmed Combat
 + Level 5.1 Shapeshifting


You had 6 spell levels left.
You didn't know any spells.
Your spell library contained the following spells:

 Spells                   Type           Power      Damage    Failure   Level
 Hailstorm                Conj/Ice       0%         3d3       75%         3
 Summon Ice Beast         Ice/Summ       0%         N/A       98%         4
 Simulacrum               Ice/Necr       0%         N/A       100%        6


Dungeon Overview and Level Annotations

Branches:
Dungeon (5/15)
 Temple: D:4-7

Altars:
Gozag
Xom


Innate Abilities, Weirdness & Mutations

You are a hulking beast.
Your limbs bulge with bestial killing power. (Slay +2)
You can breathe waves of freezing cold which knock back foes.
Your icy white scales are hard. (AC +6)
You cannot fit into any form of body armour.
Your flesh is cold resistant. (rC+)
You are cold-blooded and may be slowed by cold attacks.


Message History

You feel very sick.
The orc wizard hits you but does no damage.
You punch the orc wizard! Your punch misses the orc wizard.
The orc wizard is almost dead.
You feel very sick.
The orc wizard points at you and mumbles some strange words.
The puff of flame hits you. You resist.
* * * LOW HITPOINT WARNING * * *
You hit the orc wizard.
The orc wizard is almost dead.
* * * LOW HITPOINT WARNING * * *
You feel sick.
An orc priest comes into view. It is wielding a +0 trident.
The orc wizard points at you and mumbles some strange words.
The puff of flame hits you. You resist.
* * * LOW HITPOINT WARNING * * *
It was a potion of attraction.
You feel attractive to monsters.
* * * LOW HITPOINT WARNING * * *
You feel sick.
The orc priest shouts!
You hear a shout!
The orc wizard casts a spell at you. You resist with some effort.
The orc priest is attracted toward you.
Aiming: Breathe Frost (5% risk of failure)
Press: ? - help, Shift-Dir - straight line, f - orc wizard
Aim: an orc wizard, wielding a +0 dagger and wearing a +0 robe (almost dead, 60% to hit)
You exhale a wave of freezing cold.
The freezing breath hits the orc wizard!
You kill the orc wizard!
* * * LOW HITPOINT WARNING * * *
You feel sick.
The orc priest miscasts a cantrip.
The orc priest is attracted toward you.
It was a potion of enlightenment.
You feel very buoyant.
You fly up into the air.
* * * LOW HITPOINT WARNING * * *
You feel sick.
The orc priest hits you with a +0 trident.
You die...

#.#..#..#######
# #..# #..#
#..# #..#
########..#
..........#
#########.#
#.......h)#
#.#######o# #.#
#§# #.# #.#
##§#####
#......#
#..###.#


You could see an orc priest.

Vanquished Creatures
  Sigmund (D:2)
  2 scorpions
  Jessica (D:2)
  3 sleepcaps (D:3)
  Natasha (thrice) (D:2)
  An orc wizard (D:5)
  Robin (D:2)
  7 adders
  2 worms
  3 dart slugs (D:2)
  6 orcs
  5 bats
  2 endoplasms (D:2)
  2 giant cockroaches (D:3)
  11 goblins
  10 hobgoblins
  5 kobolds
  2 quokkas
  4 ball pythons
  2 frilled lizards (D:2)
  11 rats
84 creatures vanquished.

Notes
Turn   | Place    | Note
-------+----------+-------------------------------------------
     0 | D:1      | whatisthis the Draconian Shapeshifter began the quest for
                  | the Orb.
     0 | D:1      | Reached XP level 1. HP: 16/16 MP: 1/1
   205 | D:1      | Reached XP level 2. HP: 22/23 MP: 2/2
   245 | D:1      | Found a faded altar of an unknown god.
   649 | D:2      | Reached XP level 3. HP: 29/29 MP: 3/3
   657 | D:2      | Noticed Jessica
   692 | D:2      | Noticed Natasha
   719 | D:2      | Killed Natasha
   789 | D:2      | Noticed Natasha
   799 | D:2      | Reached XP level 4. HP: 37/37 MP: 4/4
   803 | D:2      | Noticed Robin
   804 | D:2      | Killed Natasha
   832 | D:2      | Killed Robin
   925 | D:2      | Noticed Natasha
   931 | D:2      | Killed Natasha
   932 | D:2      | Reached XP level 5. HP: 19/45 MP: 5/5
  1237 | D:2      | Noticed Sigmund
  1264 | D:2      | Killed Sigmund
  1265 | D:2      | Reached XP level 6. HP: 32/52 MP: 6/6
  1669 | D:2      | Killed Jessica
  1828 | D:3      | Found an opulent altar of Gozag.
  2129 | D:3      | Reached skill level 5 in Unarmed Combat
  2546 | D:4      | Found a shimmering altar of Xom.
  2730 | D:4      | Reached skill level 5 in Shapeshifting
  2730 | D:4      | Your scales start taking on an icy white colour.
  2730 | D:4      | Reached XP level 7. HP: 57/60 MP: 7/7
  2730 | D:4      | Gained mutation: Your flesh is cold resistant. (rC+) [White
                  | Draconian growth]
  3132 | D:5      | Entered Level 5 of the Dungeon
  3178 | D:5      | Reached skill level 5 in Fighting
  3184 | D:5      | HP: 2/61 [poisoned by a scorpion]
  3184 | D:5      | Slain by an orc priest

Illustrated notes

Levels and vault maps discovered:
D:1:      minmay_arrival_nine_rooms, layout_rooms,
          shapermc_ecumenical_altar_hornbeckon
D:2:      minmay_evil_eye, layout_loops_cross, uniq_sigmund, uniq_jessica,
          uniq_robin, uniq_natasha
D:3:      layout_basic, nicolae_gozag_cash_rules_everything_around_me,
          serial_bayou_ford_a, hellmonk_no_cap
D:4:      layout_basic, mainiacjoe_overflow_paths
D:5:      layout_basic, uniq_prince_ribbit1

Skill      XL: |  1  2  3  4  5  6  7 |
---------------+----------------------+-----
Fighting       | 2 3 4 5 |  5.0
Unarmed Combat | 4 5 |  5.4
Shapeshifting  | 4 5 |  5.1
Dodging        | |  1.7

Action                     |  1- 3 |  4- 6 |  7- 9 || total
---------------------------+-------+-------+-------++-------
  Melee: Dagger            |    56 |   111 |       ||   167
         Unarmed           |    10 |    48 |    17 ||    75
         Tailslap          |     7 |    25 |     1 ||    33
         Punch             |       |     5 |       ||     5
Ability: Breathe Frost     |       |       |     1 ||     1
    Use: Potion            |       |     1 |     2 ||     3
   Stab: Sleeping          |       |     5 |       ||     5
         Distracted        |       |     1 |       ||     1
 Armour: Skin              |    38 |    72 |    12 ||   122
  Dodge: Dodged            |    43 |    72 |     5 ||   120
   Form: Beast             |     1 |       |       ||     1

Table legend: (Time is in decaauts)
 A = Elapsed time spent in this place.
 B = Non-inter-level travel time spent in this place.
 C = Inter-level travel time spent in this place.
 D = Time resting spent in this place.
 E = Time spent auto-exploring this place.
 F = Levels seen in this place.
 G = Mean time per level.
                   A        B        C        D        E       F      G
               +--------+--------+--------+--------+--------+-----+--------+
         Total |   3171 |   3052 |    119 |    413 |   1931 |   5 |  634.2 |
       Dungeon |   3171 |   3052 |    119 |    413 |   1931 |   5 |  634.2 |
               +--------+--------+--------+--------+--------+-----+--------+

Top non-repeatable levels by time:
     D:2: 1129 daAuts
     D:4: 693 daAuts
     D:3: 679 daAuts
     D:1: 618 daAuts
     D:5: 50 daAuts
